AoeStats
← Bugsibär

Arabia

508872962Analyzed
1v1 RM · 8d ago on Sep 24, 2026· 42m 25s· 2 players
Game mode
Random Map
Map size
Tiny (2 player)
Population
200
Speed
Normal
Resources
Standard
Victory
Conquest
Starting age
Dark Age
Ending age
Imperial Age
RankedLock teamsTeams togetherTeam positionsShared explorationLock speedFull tech treeHidden civsTurbo modeCheats
Victory
Defeat
🇦🇷 Persians · Argentina
1954
+10
🇩🇪 Tupi · Germany
1807
-10
Tobi
6:27 Loom
8:35 Feudal Age
9:53 Double-Bit Axe
14:36 Horse Collar
21:35 Castle Age
20:19 Fletching
20:45 Gold Mining
22:14 Bodkin Arrow
23:41 Thumb Ring
24:45 Wheelbarrow
25:27 Padded Archer Armor
26:14 Bloodlines
27:20 Ballistics
27:47 Parthian Tactics
28:34 Leather Archer Armor
30:04 Husbandry
37:35 Imperial Age
37:41 Hand Cart
37:12 Town Watch
37:38 Bow Saw
39:01 Chemistry
38:14 Heavy Cavalry Archer
39:44 Ring Archer Armor
40:43 Cavalier
42:15 Conscription
42:03 Scale Barding Armor
42:19 Forging
43:15 Chain Barding Armor
Bugsibär
6:46 Loom
9:14 Feudal Age
9:55 Horse Collar
10:24 Double-Bit Axe
10:27 Champi Runner
21:43 Castle Age
20:09 Stone Mining
20:00 Horse Collar
22:40 Heavy Plow
22:52 Bow Saw
22:38 Fletching
24:28 Bodkin Arrow
24:39 Gold Mining
27:23 Ballistics
31:32 Padded Archer Armor
33:04 Leather Archer Armor
33:26 Wheelbarrow
39:41 Imperial Age
38:12 Caciques
38:19 Heavy Plow
39:55 Squires
40:29 Bracer
41:00 Ring Archer Armor
41:01 Champi Warrior
42:41 Conscription
Connection lost

Rejoining the realm…

Still unreachable

The connection could not be restored.

Session expired

The server has moved on; the page needs a fresh start.